 Dungeon Crawl Stone Soup version 0.31-a0-819-gf6de2f5ab6 (webtiles) character file.

Game seed: 3214849753943161106

704 qw the Skirmisher (level 7, -1/44 HPs)
             Began as a Gargoyle Hunter on Sept 23, 2023.
             Was an Initiate of Okawaru.
             Slain by a vampire (5 damage)
             ... on level 5 of the Dungeon.
             The game lasted 00:01:28 (2637 turns).

qw the Skirmisher (Gargoyle Hunter)                 Turns: 2637, Time: 00:01:29

Health: -1/44      AC: 13    Str: 14      XL:     7   Next: 66%
Magic:  7/7        EV: 10    Int:  8 (10) God:    Okawaru [......]
Gold:   284        SH:  0    Dex: 13 (15) Spells: 6/6 levels left

rFire   . . .        Y - +0 shortbow (flame)
rCold   . . .        (shield currently unavailable)
rNeg    + + .        f - +0 ring mail
rPois   inf          (no helmet)
rElec   +            (no cloak)
rCorr   .            i - +2 pair of gloves
SInv    .            (no boots)
Will    .....        (no amulet)
Stlth   +            c - ring of positive energy
HPRegen 0.27/turn    (no ring)
MPRegen 0.10/turn

%: no passive effects
@: no status effects
A: sickness immunity, AC +4, negative energy resistance 1, electricity
resistance, torment resistance 1, petrification resistance
a: Renounce Religion


You were on level 5 of the Dungeon.
You worshipped Okawaru.
Okawaru was noncommittal.
You visited 2 branches of the dungeon, and saw 6 of its levels.

You collected 284 gold pieces.


Innate Abilities, Weirdness & Mutations

You are immune to sickness and miasma.
Your stone body is resilient. (AC +4)
You are immune to poison.
You resist negative energy. (rN+)
You are resistant to electric shocks. (rElec)
You are resistant to unholy torment.
You are immune to petrification.


   Skills:
 + Level 4.5 Fighting
 - Level 13.9 Ranged Weapons
 - Level 1.0 Armour
 - Level 1.5 Dodging
 - Level 1.1 Stealth


You had 6 spell levels left.
You didn't know any spells.
Your spell library was empty.

Inventory:

Hand Weapons
 Y - a +0 shortbow of flaming (weapon)
Armour
 f - a +0 ring mail (worn)
 i - a +2 pair of gloves (worn)
Jewellery
 c - a ring of positive energy (left hand)
 g - a ring of ice
Scrolls
 b - a scroll of identify
 h - 3 scrolls of enchant armour
Potions
 a - 2 potions of curing
 d - a potion of mutation
 e - 3 potions of heal wounds
 j - a potion of haste {unknown}
 l - a potion of cancellation

Dungeon Overview and Level Annotations

Branches:
Dungeon (5/15)             Temple (1/1) D:4

Altars:
Ashenzari
Cheibriados
Dithmenos
Elyvilon
Gozag
Hepliaklqana
Kikubaaqudgha
Makhleb
Nemelex Xobeh
Okawaru
Qazlal
Ru
Sif Muna
Trog
Uskayaw
Vehumet
Wu Jian
Yredelemnul
Zin
The Shining One

Shops:
D:5 *

Annotations:
D:5 3 runed translucent doors, qw's ghost, novice GrHu


Message History

The arrow hits the vampire but does no damage.
The vampire is moderately damaged.
You shoot an arrow. The arrow hits the vampire!
The arrow burns the vampire.
The vampire is severely damaged.
The vampire hits you! The vampire closely misses you.
You shoot an arrow.
The arrow hits the vampire but does no damage.
The vampire is severely damaged.
The vampire hits you.
The vampire bites you but does no damage.
You shoot an arrow.
The arrow hits the vampire but does no damage.
The vampire is severely damaged.
The vampire hits you!
The vampire bites you but does no damage.
You shoot an arrow. The arrow barely misses the vampire.
The vampire hits you!
The vampire bites you but does no damage.
You shoot an arrow. The arrow closely misses the vampire.
You shoot an arrow.
The arrow hits the vampire but does no damage.
The vampire is severely damaged.
The vampire mumbles some strange words.
The vampire flickers and vanishes!
Deactivating autopickup; reactivate with Ctrl-A.
You shoot an arrow. Something hits you. Something bites you but does no damage.
You shoot an arrow. Something hits you but does no damage.
Something bites you but does no damage.
You shoot an arrow.
You hear some strange, mumbled words.
Something tries to affect you, but you resist.
You shoot an arrow. Something hits you. Something bites you but does no damage.
You shoot an arrow. You shoot an arrow. Something hits you but does no damage.
Something bites you but does no damage.
You shoot an arrow. Something hits you.
You die...

.#####################
......{@.............#
####################.###
...#.#.. #(##.#.#
#.##.#.# ####.##.#.#
#.......#.# #.##.####.#
.#.######.#........


There were no monsters in sight!

Vanquished Creatures
  2 ogres
  A jelly (D:5)
  7 adders
  A shadow imp (D:3)
  An ufetubus (D:5)
  9 worms
  4 dart slugs
  2 orcs
  3 ball pythons
  11 endoplasms
  3 giant cockroaches
  6 goblins
  5 hobgoblins
  4 quokkas
  A bat (D:3)
  3 frilled lizards
  4 kobolds
  5 rats
72 creatures vanquished.

Notes
Turn   | Place    | Note
-------+----------+-------------------------------------------
     0 | D:1      | qw the Gargoyle Hunter began the quest for the Orb.
     0 | D:1      | Reached XP level 1. HP: 12/12 MP: 1/1
     0 | D:1      | 0 ||| qw: Version: 0.3-a-83-gcd0e7d8
     0 | D:1      | 0 ||| qw: Game counter: 1391
     0 | D:1      | 0 ||| qw: Melee chars always use a shield: true
     0 | D:1      | 0 ||| qw: God list: Okawaru
     0 | D:1      | 0 ||| qw: Allow faded altars: false
     0 | D:1      | 0 ||| qw: Do Orc after clearing Dungeon:15 true
     0 | D:1      | 0 ||| qw: Do second Lair branch before Depths: true
     0 | D:1      | 0 ||| qw: Lair rune preference: random
     0 | D:1      | 0 ||| qw: Goals: Normal
     0 | D:1      | 0 ||| PLANNING D:1-11
    61 | D:1      | Reached XP level 2. HP: 17/17 MP: 2/2
    98 | D:1      | Found a faded altar of an unknown god.
   204 | D:1      | Reached XP level 3. HP: 21/21 MP: 3/3
   391 | D:1      | Reached skill level 5 in Ranged Weapons
   449 | D:1      | 449 ||| UPGRADING to +0 ring mail.
   459 | D:1      | 459 ||| DROPPING +0 leather armour.
   460 | D:1      | 460 ||| UPGRADING to +2 pair of gloves.
   465 | D:1      | 465 ||| READING scroll labelled VIQ MUROOKH.
   466 | D:1      | 466 ||| READING scroll labelled GINLADUJYWO.
   467 | D:1      | 467 ||| READING scroll labelled KYC LUAXIEDONLU.
   468 | D:1      | 468 ||| READING scroll labelled NATIOJ NOTAUDD.
   469 | D:1      | 469 ||| DROPPING scroll of butterflies.
   504 | D:2      | Reached skill level 1 in Armour
   526 | D:2      | Found an ancient bone altar of Kikubaaqudgha.
   676 | D:2      | Reached skill level 3 in Fighting
   676 | D:2      | Reached XP level 4. HP: 28/28 MP: 4/4
  1074 | D:2      | 1074 ||| READING 3 scrolls labelled ZEB ZIOWUCK.
  1075 | D:2      | 1075 ||| READING 2 scrolls of brand weapon.
  1075 | D:2      | 1075 ||| BRANDING +0 shortbow of draining.
  1076 | D:2      | 1076 ||| READING scroll of brand weapon.
  1076 | D:2      | 1076 ||| BRANDING +0 shortbow of chaos.
  1077 | D:2      | 1077 ||| READING scroll labelled DOYZAC TEOT.
  1078 | D:2      | 1078 ||| READING 2 scrolls of identify.
  1078 | D:2      | 1078 ||| IDENTIFYING blue potion
  1103 | D:3      | 1103 ||| STAIRDANCE
  1208 | D:3      | Found a stormy altar of Qazlal.
  1283 | D:3      | You fall into a shaft and drop 2 floors!
  1283 | D:5      | Entered Level 5 of the Dungeon
  1299 | D:5      | Reached XP level 5. HP: 32/32 MP: 5/5
  1366 | D:5      | Found a runed translucent gate.
  1367 | D:5      | Found a runed translucent gate.
  1368 | D:5      | Found a runed translucent gate.
  1368 | D:5      | Noticed a vampire
  1368 | D:5      | Noticed qw's ghost (novice GrHu)
  1419 | D:5      | Noticed an ogre
  1422 | D:5      | Killed an ogre
  1423 | D:5      | Reached skill level 6 in Ranged Weapons
  1423 | D:5      | 1423 ||| READING scroll labelled RIUTESU SAILU.
  1426 | D:5      | Found Meirpho's Overcharged Wands.
  1427 | D:5      | 1427 ||| READING scroll labelled HATURH OWKO.
  1428 | D:5      | 1428 ||| DRINKING 2 clear potions.
  1429 | D:5      | 1429 ||| DRINKING 3 white potions.
  1430 | D:5      | 1430 ||| Stepping randomly (stuck).
  1431 | D:5      | 1431 ||| Stepping randomly (stuck).
  1432 | D:5      | 1432 ||| Stepping randomly (stuck).
  1433 | D:5      | 1433 ||| Stepping randomly (stuck).
  1434 | D:5      | 1434 ||| Stepping randomly (stuck).
  1435 | D:5      | 1435 ||| Stepping randomly (stuck).
  1438 | D:5      | 1438 ||| Stepping randomly (stuck).
  1444 | D:5      | Reached XP level 6. HP: 37/37 MP: 6/6
  1444 | D:5      | 1444 ||| Stepping randomly (stuck).
  1445 | D:5      | 1445 ||| Stepping randomly (stuck).
  1446 | D:5      | 1446 ||| Stepping randomly (stuck).
  1447 | D:5      | 1447 ||| Stepping randomly (stuck).
  1448 | D:5      | 1448 ||| Stepping randomly (stuck).
  1449 | D:5      | 1449 ||| Stepping randomly (stuck).
  1450 | D:5      | 1450 ||| Stepping randomly (stuck).
  1451 | D:5      | 1451 ||| Stepping randomly (stuck).
  1452 | D:5      | 1452 ||| Stepping randomly (stuck).
  1453 | D:5      | 1453 ||| Stepping randomly (stuck).
  1454 | D:5      | 1454 ||| Stepping randomly (stuck).
  1455 | D:5      | 1455 ||| Stepping randomly (stuck).
  1456 | D:5      | 1456 ||| Stepping randomly (stuck).
  1457 | D:5      | 1457 ||| Stepping randomly (stuck).
  1458 | D:5      | 1458 ||| Stepping randomly (stuck).
  1459 | D:5      | 1459 ||| Stepping randomly (stuck).
  1460 | D:5      | 1460 ||| Stepping randomly (stuck).
  1461 | D:5      | 1461 ||| Stepping randomly (stuck).
  1462 | D:5      | 1462 ||| Stepping randomly (stuck).
  1463 | D:5      | 1463 ||| Stepping randomly (stuck).
  1464 | D:5      | 1464 ||| Stepping randomly (stuck).
  1465 | D:5      | 1465 ||| Stepping randomly (stuck).
  1466 | D:5      | 1466 ||| Stepping randomly (stuck).
  1467 | D:5      | 1467 ||| Stepping randomly (stuck).
  1472 | D:5      | 1472 ||| SHOPLISTING wand of digging (11) (693 gold, have
                  | 159).
  1519 | D:5      | 1519 ||| UPGRADING to ring of positive energy.
  1520 | D:5      | 1520 ||| DRINKING 2 silvery potions.
  1553 | D:5      | 1553 ||| READING 2 scrolls of identify.
  1553 | D:5      | 1553 ||| IDENTIFYING dark potion
  1554 | D:5      | 1554 ||| DROPPING potion of ambrosia.
  1555 | D:5      | 1555 ||| DROPPING potion of lignification.
  1565 | D:4      | 1565 ||| FLEEEEING.
  1569 | D:4      | 1569 ||| FLEEEEING.
  1569 | D:4      | Found a staircase to the Ecumenical Temple.
  1570 | D:4      | 1570 ||| PLANNING TEMPLE
  1575 | D:4      | 1575 ||| STAIRDANCE
  1602 | Temple   | Entered the Ecumenical Temple
  1603 | Temple   | 1603 ||| PLANNING OKAWARU WORSHIP
  1611 | Temple   | Became a worshipper of Warmaster Okawaru
  1612 | Temple   | 1612 ||| PLANNING D:1-11
  1737 | D:3      | Found a snail-covered altar of Cheibriados.
  1845 | D:3      | Found a shimmering blue altar of Sif Muna.
  1847 | D:3      | Found an opulent altar of Gozag.
  1850 | D:3      | Found a basalt altar of Yredelemnul.
  1850 | D:3      | Found a broken altar of Ashenzari.
  1933 | D:3      | 1933 ||| DRINKING 3 viscous puce potions.
  1934 | D:3      | 1934 ||| READING 2 scrolls of identify.
  1934 | D:3      | 1934 ||| IDENTIFYING red potion
  1935 | D:3      | 1935 ||| DROPPING 2 potions of degeneration.
  1959 | D:4      | 1959 ||| STAIRDANCE
  2483 | D:4      | 2483 ||| READING scroll labelled XULOHO ABLADAI.
  2484 | D:4      | 2484 ||| READING 2 scrolls of identify.
  2484 | D:4      | 2484 ||| IDENTIFYING ruby potion
  2485 | D:4      | 2485 ||| DRINKING potion of experience.
  2485 | D:4      | Reached skill level 13 in Ranged Weapons
  2485 | D:4      | Reached XP level 7. HP: 44/44 MP: 7/7
  2614 | D:5      | Noticed a vampire
  2631 | D:5      | HP: 9/44 [something (6)]
  2634 | D:5      | HP: 4/44 [something (6)]
  2637 | D:5      | Slain by a vampire

Levels and vault maps discovered:
D:1:      sevenhm_arrival_forest_fort_small_3, layout_rooms,
          ebering_ecumenical_altar_abandoned, corexii_leaking_fountain
D:2:      layout_basic, basic_altar
D:3:      layout_rooms, cheibrodos_worm_habitat, grunt_temple_overflow_open,
          nicolae_qazlal_scattered_showers
D:4:      layout_layer_cave, minmay_temple_entry_large_hall, nicolae_wormholes
D:5:      mumra_celtic_spiral_tile, layout_basic, gammafunk_ghost_split,
          nicolae_shop_overcharged_wands
Temple:   eino_temple_lava

Skill      XL: |  1  2  3  4  5  6 |
---------------+-------------------+-----
Ranged Weapons | 5 6 13 | 13.9
Armour         | 1 |  1.0
Fighting       | 3 4 |  4.5
Dodging        | |  1.5
Stealth        | |  1.1

Action                     |  1- 3 |  4- 6 |  7- 9 || total
---------------------------+-------+-------+-------++-------
   Fire: Shortbow          |    80 |   169 |    25 ||   274
    Use: Scroll            |     4 |    11 |       ||    15
         Potion            |       |     5 |       ||     5
 Armour: Leather armour    |     8 |       |       ||     8
         Ring mail         |     1 |    47 |    20 ||    68
  Dodge: Dodged            |     9 |    38 |     3 ||    50

Table legend:
 A = Non-vault XP
 B = Vault XP
 C = Vault XP percentage of total XP
 D = Non-vault monster count
 E = Vault monster count
 F = Vault count percentage of total count
                 A         B        C        D         E       F
            +---------+---------+-------+---------+---------+-------
      Total |     490 |      35 |   6.7 |      65 |       7 |   9.7
            +---------+---------+-------+---------+---------+-------
        D:1 |      40 |       0 |   0.0 |      23 |       0 |   0.0
        D:2 |      61 |       0 |   0.0 |      10 |       0 |   0.0
        D:3 |      66 |       5 |   7.0 |      19 |       1 |   5.0
        D:4 |     154 |      30 |  16.3 |       9 |       6 |  40.0
        D:5 |     169 |       0 |   0.0 |       4 |       0 |   0.0
            +---------+---------+-------+---------+---------+-------
